 Dungeon Crawl Stone Soup version 0.30-a0-757-ga6a79fd877 (webtiles) character file.

Game seed: 7412467996831244593

52 avis the Shooter (level 3, -2/31 HPs)
             Began as a Demigod Hunter on Feb 10, 2023.
             Slain by a kobold
             ... wielding a +0 club
              (3 damage)
             ... on level 3 of the Dungeon.
             The game lasted 00:07:46 (1645 turns).

avis the Shooter (Demigod Hunter)                   Turns: 1645, Time: 00:07:47

Health: -2/31      AC:  4    Str: 12    XL:     3   Next: 39%
Magic:  5/5        EV: 12    Int: 11    God:
Gold:   91         SH:  0    Dex: 21    Spells: 2/2 levels left

rFire   . . .      SeeInvis .    a - +0 shortbow
rCold   . . .      Faith    .    (shield currently unavailable)
rNeg    . . .      Spirit   .    c - +1 leather armour
rPois   .          Reflect  .    (no helmet)
rElec   .          Harm     .    (no cloak)
rCorr   .          Rampage  .    (no gloves)
Will    .....                    (no boots)
Stlth   ++                       (no amulet)
HPRegen 0.25/turn                (no ring)
MPRegen 0.09/turn                (no ring)

@: weak-willed
A: high MP 1, forlorn, divine attributes
a: no special abilities


You were on level 3 of the Dungeon.
You visited 1 branch of the dungeon, and saw 3 of its levels.

You collected 91 gold pieces.

Inventory:

Hand Weapons
 a - a +0 shortbow (weapon)
 b - a +2 short sword of draining
 i - a +0 long sword
Armour
 c - a +1 leather armour (worn)
Magical Staves
 g - a staff of death
Scrolls
 j - a scroll of immolation
 m - a scroll of identify
 n - a scroll of teleportation {unknown}
 p - a scroll of poison {unknown}
Potions
 f - a potion of degeneration {unknown}
 h - a potion of haste {unknown}
 o - a potion of brilliance {unknown}


   Skills:
 - Level 3.0 Fighting
 * Level 4.1 Ranged Weapons
 - Level 2.0 Dodging
 - Level 1.0 Stealth


You had 2 spell levels left.
You didn't know any spells.
Your spell library contained the following spells:

 Spells                   Type           Power      Damage    Failure   Level
 Cigotuvi's Dreadful Rot  Necr/Pois/Air  0%         N/A       56%         2
 Poisonous Vapours        Pois/Air       0%         N/A       56%         2
 Mephitic Cloud           Conj/Pois/Air  0%         N/A       80%         3


Dungeon Overview and Level Annotations

Branches:
Dungeon (3/15)


Innate Abilities, Weirdness & Mutations

You have an increased reservoir of magic. (+10% MP)
You shall have no god before yourself.
Your divine heritage dramatically boosts your attributes as you level up.


Message History

Press: ? - help, Q - select action Shift-Dir - straight line, f/p - kobold
Aim: a kobold, wielding a +0 dagger (59% to hit)
You shoot an arrow. The kobold shouts!
The kobold shouts!
The arrow hits the kobold.
You kill the kobold!
The hobgoblin closely misses you. The kobold hits you but does no damage.
The kobold hits you with a +0 club.
Fire: a) +0 shortbow
Press: ? - help, Q - select action Shift-Dir - straight line, f - kobold
Aim: a kobold, wielding a +0 club (59% to hit)
You shoot an arrow. The arrow hits the kobold.
The kobold is moderately wounded.
The hobgoblin barely misses you. The kobold closely misses you.
The kobold hits you with a +0 club. x2
* * * LOW HITPOINT WARNING * * *
You feel better. The kobold brigand barely misses you.
The hobgoblin hits you with a +0 club. The kobold barely misses you.
The kobold hits you but does no damage. x2
As you read the scroll labelled PUGOMMYILAO, it crumbles to dust.
It is a scroll of enchant armour.
Your +0 leather armour glows green for a moment.
The kobold barely misses you. The hobgoblin hits you with a +0 club.
* * * LOW HITPOINT WARNING * * *
The kobold hits you with a +0 club.
* * * LOW HITPOINT WARNING * * *
As you read the scroll labelled RETAEL INOANI, it crumbles to dust.
Magic quickly surges around you.
It was a scroll of vulnerability.
The kobold closely misses you. The hobgoblin hits you with a +0 club.
* * * LOW HITPOINT WARNING * * *
The kobold hits you but does no damage. The kobold closely misses you.
As you read the scroll labelled UBBOHI DACASK, it crumbles to dust.
You feel aware of your surroundings.
You sensed 3 altars.
It was a scroll of magic mapping.
The kobold brigand closely misses you. The hobgoblin hits you with a +0 club.
* * * LOW HITPOINT WARNING * * *
The kobold completely misses you. The kobold hits you but does no damage.
The kobold hits you with a +0 club.
You die...

*,**,**,*,,*~~~~,*
*,**,,,,*..#*~~*,*
****,*****,**..*~~*,*
**,,,,,,,,,,,*..##~*,*
,,,,,,**,,,,,*#..#~,,*
**,**,,,,,,,,~#.K#****
**,*****,***,~#Kg#
**,* *,***~~#KK# **,*
*,**~~~#K@#* *,*
*,,,~~~##Kg# **,*
**,,~~~~#KK# **,*
**,*~~~##..#
>*_*****,,,~~~*..##
,*,,,,,,,*,,~**..#
,*******,,,*~*,.## ,*
**,****..* ,*
******,****,,*


You could see a kobold brigand (weak-willed), 2 hobgoblins and 7 kobolds.

Vanquished Creatures
  2 worms (D:2)
  A dart slug (D:1)
  3 orcs (D:3)
  2 bats
  2 endoplasms
  A giant cockroach (D:1)
  3 goblins (D:1)
  2 hobgoblins (D:1)
  9 jackals
  5 kobolds
  2 quokkas
  2 ball pythons
  4 rats
38 creatures vanquished.

Notes
Turn   | Place    | Note
-------+----------+-------------------------------------------
     0 | D:1      | avis the Demigod Hunter began the quest for the Orb.
     0 | D:1      | Reached XP level 1. HP: 17/17 MP: 3/3
   211 | D:1      | Reached skill level 4 in Ranged Weapons
   214 | D:1      | Reached XP level 2. HP: 24/24 MP: 4/4
   218 | D:1      | Reached skill level 1 in Stealth
   904 | D:2      | Reached XP level 3. HP: 30/30 MP: 5/5
  1636 | D:3      | Noticed a kobold brigand
  1645 | D:3      | HP: 1/31 [hobgoblin/+0 club (1)]
  1645 | D:3      | Slain by a kobold

Illustrated notes

Levels and vault maps discovered:
D:1:      minmay_arrival_split_and_join, layout_basic
D:2:      layout_basic, st_stairs_12, minmay_misc_feat_hallway
D:3:      cheibrodos_thug_alley, layout_loops_ring, overflow_temple_1_default,
          mainiacjoe_overflow_two_lobes

Skill      XL: |  1  2  3 |
---------------+----------+-----
Fighting       | 2 3 |  3.0
Ranged Weapons | 4 |  4.1
Dodging        | 2 |  2.0
Stealth        | 1 |  1.0

Action                     || total
---------------------------++-------
   Fire: Shortbow          ||    93
    Use: Scroll            ||     4
         Potion            ||     1
 Armour: Leather armour    ||    24
  Dodge: Dodged            ||    64

Table legend: (Time is in decaauts)
 A = Elapsed time spent in this place.
 B = Non-inter-level travel time spent in this place.
 C = Inter-level travel time spent in this place.
 D = Time resting spent in this place.
 E = Time spent auto-exploring this place.
 F = Levels seen in this place.
 G = Mean time per level.
                   A        B        C        D        E       F      G
               +--------+--------+--------+--------+--------+-----+--------+
         Total |   1680 |   1403 |    277 |     18 |   1056 |   3 |  560.0 |
       Dungeon |   1680 |   1403 |    277 |     18 |   1056 |   3 |  560.0 |
               +--------+--------+--------+--------+--------+-----+--------+

Top non-repeatable levels by time:
     D:1: 922 daAuts
     D:2: 722 daAuts
     D:3: 35 daAuts
